 Dungeon Crawl Stone Soup version 0.20.0-15-g7f486f2 (webtiles) character file.

134 KleinerIrrer the Charlatan (level 4, 0/36 HPs)
             Began as a Demonspawn Artificer on June 27, 2017.
             Slain by an orc
             ... wielding a +0 trident
              (3 damage)
             ... on level 3 of the Dungeon.
             The game lasted 00:07:51 (2941 turns).

KleinerIrrer the Charlatan (Demonspawn Artificer)   Turns: 2941, Time: 00:07:52

Health: 0/36       AC:  5    Str: 15    XL:     4   Next: 95%
Magic:  6/6        EV: 12    Int: 12    God:
Gold:   100        SH:  0    Dex: 14    Spells: 3/3 levels left

rFire    . . .     SeeInvis .   p - +4 dagger (vamp)
rCold    . . .     Gourm    .   (no shield)
rNeg     . . .     Faith    .   j - +2 leather armour {rPois}
rPois    +         Spirit   .   (no helmet)
rElec    .         Reflect  .   (no cloak)
rCorr    .         Harm     .   (no gloves)
MR       .....                  (no boots)
Stlth    +.........             (no amulet)
Regen    0.2/turn               (no ring)
MPRegen  0.1/turn               (no ring)

@: no status effects
A: powered by death 1, robust 1, strong 1, MP-powered wands
a: no special abilities


You were on level 3 of the Dungeon.
You were not hungry.

You visited 1 branch of the dungeon, and saw 3 of its levels.

You collected 100 gold pieces.

Inventory:

Hand Weapons
 a - a +0 short sword
 p - a +4 vampiric dagger (weapon)
Armour
 b - a +0 leather armour
 j - a +2 leather armour of poison resistance (worn)
 o - a +0 ring mail
Magical Staves
 s - an uncursed staff of air
Wands
 c - a wand of flame (13/48)
 d - a wand of enslavement (14/24)
 e - a wand of random effects (15/48)
 g - a wand of confusion (28/48)
Scrolls
 n - a scroll of remove curse
Potions
 h - 2 potions of curing
 i - a potion of resistance {unknown}
 k - a potion of mutation
 m - a potion of might {unknown}
Comestibles
 f - 3 bread rations
 l - 2 meat rations
 q - 2 chunks of flesh


   Skills:
 + Level 2.1 Fighting
 - Level 0.8 Short Blades
 + Level 2.2 Armour
 + Level 2.6 Dodging
 - Level 0.8 Stealth
 + Level 3.8 Evocations


You had 3 spell levels left.
You didn't know any spells.

Dungeon Overview and Level Annotations

Branches:
Dungeon (3/15)

Altars:
The Shining One


Innate Abilities, Weirdness & Mutations

You regenerate a little health from kills.
You are robust. (+10% HP)
Your muscles are strong. (Str +2)
You expend magic power (3 MP) to strengthen your wands.


Message History

The orc priest looks satisfied for a moment.
You hit the orc but do no damage. The orc hits you with a trident.
The orc priest mumbles some strange prayers to Beogh against you.
Beogh smites you!
* * * LOW HITPOINT WARNING * * *
You feel better. The orc hits you but does no damage.
The orc priest mumbles some strange prayers to Beogh against you.
Beogh smites you!
* * * LOW HITPOINT WARNING * * *
The orc hits you from afar with a trident.
* * * LOW HITPOINT WARNING * * *
The orc priest miscasts a cantrip.
You see here 12 arrows.
You see here a stone.
It was a potion of mutation.
You feel extremely strange.
You feel stronger.
You feel your magical essence link to your wands.
You feel robust.
The orc hits you from afar with a trident.
You die...

#.##......# #.
#.######..# #.
#.# #..# #.# #..#
#.# #..# ..# #..#
### #..#
###..########
#....@((#...#####
#.#####o........#
#. #.(.....#.# ..
#.))......# ##.
#o......#.#
#.#####(.....##
#...........##
#.##.######## #†#


You could see an orc.

Vanquished Creatures
  Terence (D:2)
  4 adders
  2 worms (D:2)
  A dart slug (D:1)
  4 leopard geckos
  4 orcs (D:3)
  3 giant cockroaches
  7 goblins
  7 hobgoblins
  3 quokkas
  4 bats
  5 frilled lizards
  7 kobolds
  7 rats
59 creatures vanquished.

Vanquished Creatures (collateral kills)
  A goblin (D:1)
1 creature vanquished.

Grand Total: 60 creatures vanquished

Notes
Turn   | Place    | Note
-------+----------+-------------------------------------------
     0 | D:1      | KleinerIrrer the Demonspawn Artificer began the quest for the Orb.
     0 | D:1      | Reached XP level 1. HP: 15/15 MP: 3/3
   277 | D:1      | Gained mutation: You regenerate a little health from kills. [demonic ancestry]
   277 | D:1      | Reached XP level 2. HP: 21/21 MP: 4/4
  1259 | D:1      | Reached XP level 3. HP: 15/26 MP: 5/5
  1879 | D:2      | Reached skill level 1 in Armour
  2114 | D:2      | Noticed Terence
  2122 | D:2      | Killed Terence
  2122 | D:2      | Reached XP level 4. HP: 19/33 MP: 6/6
  2279 | D:2      | Found a glowing golden altar of the Shining One.
  2941 | D:3      | Gained mutation: Your muscles are strong. (Str +2) [potion of mutation]
  2941 | D:3      | Gained mutation: You expend magic power (3 MP) to strengthen your wands. [potion of mutation]
  2941 | D:3      | Gained mutation: You are robust. (+10% HP) [potion of mutation]
  2941 | D:3      | Slain by an orc

Skill      XL: |  1  2  3  4 |
---------------+-------------+-----
Dodging        | 2 |  2.6
Armour         | 1 2 |  2.2
Fighting       | 2 |  2.1
Short Blades   | |  0.8
Stealth        | |  0.8
Evocations     | |  3.8

Action                   |  1- 3 |  4- 6 || total
-------------------------+-------+-------++-------
Melee: Short sword       |   133 |       ||   133
       Dagger            |    19 |    97 ||   116
Evoke: Wand              |     3 |       ||     3
  Use: Scroll            |       |     6 ||     6
       Potion            |       |     2 ||     2
  Eat: Chunk             |     2 |       ||     2
       Meat ration       |     1 |       ||     1
       Bread ration      |     1 |       ||     1
Armor: Leather armour    |    31 |     2 ||    33
       Ring mail         |     2 |    29 ||    31
Dodge: Dodged            |   100 |    62 ||   162
